TOP OF THE 1ST |
St. Louis Cardinals batting - Pitching for Pittsburgh Pirates : RHP Nick Pivetta
|
Pitching: RHP Nick Pivetta
|
|
Batting: LHB Andrew Stevenson
|
0-0: Ball 1-0: Ball 2-0: Ground out U3 (Groundball, 3, EV 79.4 MPH)
|
Batting: RHB Oscar Mercado
|
0-0: Ball 1-0: Called Strike 1-1: Foul Ball, location: 2F 1-2: Strikes out swinging
|
Batting: SHB Jurickson Profar
|
0-0: Called Strike 0-1: DOUBLE (Line Drive, 7LM, EV 103.8 MPH)
|
Batting: RHB Brandon Drury
|
0-0: Ball 1-0: Ball 2-0: SINGLE (Line Drive, 56D, EV 101.3 MPH) Jurickson Profar to third Runner from 3rd tries for Home, SAFE, throw by LF to home
|
Batting: SHB Cole Tucker
|
0-0: Ball 1-0: Swinging Strike 1-1: Foul Ball, location: 3F 1-2: Foul Ball, location: 5FF 1-2: Foul Ball, location: 7LDF 1-2: Fly out, F8 (Flyball, 8RS, EV 96.9 MPH)
|
Top of the 1st over - 1 run, 2 hits, 0 errors, 1 left on base; St. Louis 1 - Pittsburgh 0 |
BOTTOM OF THE 1ST |
Pittsburgh Pirates batting - Pitching for St. Louis Cardinals : RHP Aaron Civale
|
Pitching: RHP Aaron Civale
|
|
Batting: LHB Michael Brantley
|
0-0: Ball 1-0: Ball 2-0: Ball 3-0: Called Strike 3-1: Swinging Strike 3-2: Fly out, F4 (Popup, 34D, EV 48.1 MPH)
|
Batting: RHB Pete Alonso
|
0-0: Swinging Strike 0-1: Ball 1-1: Fly out, F4 (Popup, 6M, EV 73.1 MPH)
|
Batting: LHB Joc Pederson
|
0-0: Ball 1-0: Called Strike 1-1: Foul Ball, location: 23FF 1-2: Ball 2-2: Strikes out swinging
|
Bottom of the 1st over - 0 runs, 0 hits, 0 errors, 0 left on base; St. Louis 1 - Pittsburgh 0 |
TOP OF THE 2ND |
St. Louis Cardinals batting - Pitching for Pittsburgh Pirates : RHP Nick Pivetta
|
Batting: RHB Jeremy Pena
|
0-0: Ground out 3-1 (Groundball, 34S, EV 68.8 MPH)
|
Batting: RHB Kevin Cron
|
0-0: Ball 1-0: Called Strike 1-1: Called Strike 1-2: Ball 2-2: SINGLE (Line Drive, 7S, EV 97.5 MPH)
|
Batting: SHB Sergio Alcantara
|
0-0: Ball 1-0: Ball 2-0: Ball 3-0: Base on Balls Kevin Cron to second
|
Batting: RHB Jakson Reetz
|
0-0: Foul Ball, location: 2F 0-1: Fly out, F9 (Flyball, 89M, EV 91.3 MPH)
|
Batting: LHB Andrew Stevenson
|
0-0: Called Strike 0-1: Foul Ball, location: 3DF 0-2: Strikes out swinging
|
Top of the 2nd over - 0 runs, 1 hit, 0 errors, 2 left on base; St. Louis 1 - Pittsburgh 0 |
BOTTOM OF THE 2ND |
Pittsburgh Pirates batting - Pitching for St. Louis Cardinals : RHP Aaron Civale
|
Batting: RHB J.D. Davis
|
0-0: Ball 1-0: Called Strike 1-1: Ball 2-1: Ball 3-1: Foul Ball, location: 9LMF 3-2: Base on Balls
|
Batting: LHB Donovan Walton
|
0-0: Ball 1-0: Called Strike 1-1: Fly out, F7 (Flyball, 78M, EV 93.1 MPH)
|
Batting: RHB Enrique Hernández
|
0-0: Ball J.D. Davis steals 2nd base 1-0: Called Strike 1-1: Ball 2-1: Swinging Strike 2-2: Foul Ball, location: 2LF 2-2: Ball 3-2: Foul Ball, location: 5F 3-2: Ground out 3-1 (Groundball, 34S, EV 86.3 MPH) J.D. Davis to third
|
Batting: RHB Christian Bethancourt
|
0-0: Ball 1-0: SINGLE (Line Drive, 6M, EV 97.5 MPH) J.D. Davis scores
|
Batting: RHB Mike Brosseau
|
0-0: Ball 1-0: Ground out U3 (Groundball, 3S, EV 83.8 MPH)
|
Bottom of the 2nd over - 1 run, 1 hit, 0 errors, 1 left on base; St. Louis 1 - Pittsburgh 1 |
TOP OF THE 3RD |
St. Louis Cardinals batting - Pitching for Pittsburgh Pirates : RHP Nick Pivetta
|
Batting: RHB Oscar Mercado
|
0-0: Fly out, F8 (Flyball, 8RXD, EV 103.1 MPH)
|
Batting: SHB Jurickson Profar
|
0-0: Ball 1-0: SINGLE (Flyball, 8LS, EV 86.3 MPH)
|
Batting: RHB Brandon Drury
|
0-0: Ball 1-0: Swinging Strike 1-1: Foul Ball, location: 3F 1-2: Ball 2-2: SINGLE (Line Drive, 89S, EV 95.0 MPH) Jurickson Profar to second
|
Batting: SHB Cole Tucker
|
0-0: Ball 1-0: Fielders Choice at 2nd, 1-6 (Groundball, 13S, EV 70.0 MPH) Jurickson Profar to third
|
Batting: RHB Jeremy Pena
|
0-0: Swinging Strike 0-1: SINGLE (Line Drive, 9S, EV 91.9 MPH) Jurickson Profar scores Cole Tucker to second Runner from 2nd tries for 3rd, SAFE, no throw by RF
|
Batting: RHB Kevin Cron
|
0-0: Called Strike 0-1: Ball 1-1: Ball 2-1: Called Strike 2-2: Fly out, F7 (Flyball, 7LS, EV 85.0 MPH)
|
Top of the 3rd over - 1 run, 3 hits, 0 errors, 2 left on base; St. Louis 2 - Pittsburgh 1 |
BOTTOM OF THE 3RD |
Pittsburgh Pirates batting - Pitching for St. Louis Cardinals : RHP Aaron Civale
|
Batting: LHB Travis Jankowski
|
0-0: Fly out, F7 (Flyball, 78M, EV 86.9 MPH)
|
Batting: LHB Michael Brantley
|
0-0: Ball 1-0: DOUBLE (Line Drive, 89D, EV 101.9 MPH)
|
Batting: RHB Pete Alonso
|
0-0: Fly out, F7 (Flyball, 7LSF, EV 93.1 MPH)
|
Batting: LHB Joc Pederson
|
0-0: Swinging Strike 0-1: Ball 1-1: DOUBLE (Line Drive, 78D, EV 105.6 MPH) Michael Brantley scores
|
Batting: RHB J.D. Davis
|
0-0: Ball 1-0: Ball 2-0: Ball 3-0: Base on Balls
|
Batting: LHB Donovan Walton
|
0-0: Ball 1-0: Ball 2-0: Called Strike 2-1: Called Strike 2-2: Foul Ball, location: 23FF 2-2: Foul Ball, location: 7LMF 2-2: Strikes out swinging
|
Bottom of the 3rd over - 1 run, 2 hits, 0 errors, 2 left on base; St. Louis 2 - Pittsburgh 2 |
TOP OF THE 4TH |
St. Louis Cardinals batting - Pitching for Pittsburgh Pirates : RHP Nick Pivetta
|
Batting: SHB Sergio Alcantara
|
0-0: Swinging Strike 0-1: Swinging Strike 0-2: Ball 1-2: Ground out 6-3 (Groundball, 6, EV 82.5 MPH)
|
Batting: RHB Jakson Reetz
|
0-0: Ball 1-0: Ball 2-0: Foul Ball, location: 3F 2-1: Swinging Strike 2-2: Ground out 5-3 (Groundball, 56S, EV 66.3 MPH)
|
Batting: LHB Andrew Stevenson
|
0-0: Foul Ball, location: 2F 0-1: Ball 1-1: Foul Ball, location: 7LMF 1-2: Ground out 6-3 (Groundball, 6, EV 89.4 MPH)
|
Top of the 4th over - 0 runs, 0 hits, 0 errors, 0 left on base; St. Louis 2 - Pittsburgh 2 |
BOTTOM OF THE 4TH |
Pittsburgh Pirates batting - Pitching for St. Louis Cardinals : RHP Aaron Civale
|
Batting: RHB Enrique Hernández
|
0-0: Ball 1-0: Ball 2-0: SOLO HOME RUN (Flyball, 7LD, EV 94.4 MPH), Distance : 347 ft
|
Batting: RHB Christian Bethancourt
|
0-0: Swinging Strike 0-1: Ball 1-1: Foul Ball, location: 9LDF 1-2: Ball 2-2: Foul Ball, location: 7LMF 2-2: Fly out, F9 (Flyball, 9LS, EV 87.5 MPH)
|
Batting: RHB Mike Brosseau
|
0-0: Ball 1-0: DOUBLE (Groundball, 5L, EV 110.0 MPH)
|
Batting: LHB Travis Jankowski
|
0-0: Ball 1-0: Called Strike 1-1: Foul Ball, location: 2F 1-2: Ball 2-2: Ball 3-2: Base on Balls
|
Batting: LHB Michael Brantley
|
0-0: Swinging Strike 0-1: Ball 1-1: Ball 2-1: Ball 3-1: DOUBLE (Line Drive, 89D, EV 105.0 MPH) Mike Brosseau scores Travis Jankowski to third Runner from 3rd tries for Home, SAFE, throw by CF to home
|
Batting: RHB Pete Alonso
|
0-0: Ball 1-0: Fly out, F6 (Popup, 56D, EV 53.1 MPH)
|
Batting: LHB Joc Pederson
|
0-0: Called Strike 0-1: Ball 1-1: Foul Ball, location: 2F 1-2: Fly out, F9 (Flyball, 9, EV 88.1 MPH)
|
Bottom of the 4th over - 3 runs, 3 hits, 0 errors, 1 left on base; St. Louis 2 - Pittsburgh 5 |
TOP OF THE 5TH |
St. Louis Cardinals batting - Pitching for Pittsburgh Pirates : RHP Nick Pivetta
|
Batting: RHB Oscar Mercado
|
0-0: Ball 1-0: Called Strike 1-1: Fly out, F9 (Line Drive, 89S, EV 91.9 MPH)
|
Batting: SHB Jurickson Profar
|
0-0: Ball 1-0: Hit by Pitch
|
Batting: RHB Brandon Drury
|
0-0: Ball 1-0: Called Strike 1-1: Ball 2-1: 2-RUN HOME RUN (Flyball, 78XD, EV 108.8 MPH), Distance : 429 ft
|
Batting: SHB Cole Tucker
|
0-0: Ball 1-0: Swinging Strike 1-1: SINGLE (Line Drive, 8LS, EV 93.8 MPH)
|
Batting: RHB Jeremy Pena
|
0-0: Ball 1-0: Ball 2-0: Called Strike 2-1: Called Strike 2-2: Foul Ball, location: 23F 2-2: Ball 3-2: Foul Ball, location: 2F 3-2: Foul Ball, location: 2RF 3-2: Base on Balls Cole Tucker to second
|
Batting: RHB Kevin Cron
|
0-0: Grounds into double play, 6-4-3 (Groundball, 6, EV 86.3 MPH)
|
Top of the 5th over - 2 runs, 2 hits, 0 errors, 1 left on base; St. Louis 4 - Pittsburgh 5 |
BOTTOM OF THE 5TH |
Pittsburgh Pirates batting - Pitching for St. Louis Cardinals : RHP Aaron Civale
|
Batting: RHB J.D. Davis
|
0-0: Called Strike 0-1: Called Strike 0-2: Ball 1-2: Foul Ball, location: 9LSF 1-2: Strikes out swinging
|
Batting: LHB Donovan Walton
|
0-0: SINGLE (Line Drive, 6D, EV 95.0 MPH)
|
Batting: RHB Enrique Hernández
|
0-0: Ball 1-0: Called Strike 1-1: Ball Donovan Walton steals 2nd base 2-1: Ball 3-1: Called Strike 3-2: Strikes out swinging
|
Batting: RHB Christian Bethancourt
|
0-0: SINGLE (Line Drive, 34D, EV 98.8 MPH) Donovan Walton to third Runner from 3rd tries for Home, SAFE, throw by RF to home
|
Pitching: RHP Jordan Weems
|
|
Batting: RHB Mike Brosseau
|
0-0: Ball 1-0: Ball 2-0: Foul Ball, location: 9LMF 2-1: Swinging Strike 2-2: Strikes out swinging
|
Bottom of the 5th over - 1 run, 2 hits, 0 errors, 1 left on base; St. Louis 4 - Pittsburgh 6 |
TOP OF THE 6TH |
St. Louis Cardinals batting - Pitching for Pittsburgh Pirates : RHP Nick Pivetta
|
Batting: SHB Sergio Alcantara
|
0-0: Ball 1-0: Ball 2-0: Foul Ball, location: 7LSFF 2-1: Single, Error in OF, E7, batter to second base (Line Drive, 7S, EV 103.1 MPH)
|
Pitching: RHP Codi Heuer
|
|
Batting: RHB Jakson Reetz
|
0-0: Called Strike 0-1: Ball 1-1: Foul Ball, location: 2F 1-2: Ball 2-2: Strikes out swinging
|
Batting: LHB Andrew Stevenson
|
0-0: Ball 1-0: Ball 2-0: Called Strike 2-1: Ground out 5-3 (Groundball, 56, EV 85.6 MPH) Sergio Alcantara to third
|
Pinch Hitting: LHB Bryson Stott
|
0-0: Called Strike 0-1: Foul Ball, location: 25F 0-2: Strikes out swinging
|
Top of the 6th over - 0 runs, 1 hit, 1 error, 1 left on base; St. Louis 4 - Pittsburgh 6 |
BOTTOM OF THE 6TH |
Pittsburgh Pirates batting - Pitching for St. Louis Cardinals : RHP Jordan Weems
|
Now in CF: TJ Friedl
|
|
Batting: LHB Travis Jankowski
|
0-0: Called Strike 0-1: Ball 1-1: Ground out U3 (Groundball, 3, EV 100.0 MPH)
|
Batting: LHB Michael Brantley
|
0-0: Foul Ball, location: 7LMF 0-1: Ground out U3 (Groundball, 34, EV 81.9 MPH)
|
Batting: RHB Pete Alonso
|
0-0: Called Strike 0-1: Foul Ball, location: 9LSF 0-2: Ball 1-2: DOUBLE (Flyball, 78XD, EV 95.6 MPH)
|
Batting: LHB Joc Pederson
|
0-0: Ball 1-0: Ground out 6-3 (Groundball, 6, EV 80.6 MPH)
|
Bottom of the 6th over - 0 runs, 1 hit, 0 errors, 1 left on base; St. Louis 4 - Pittsburgh 6 |
TOP OF THE 7TH |
St. Louis Cardinals batting - Pitching for Pittsburgh Pirates : RHP Codi Heuer
|
Now in CF: Travis Jankowski
|
|
Now in RF: Greg Allen
|
|
Batting: SHB Jurickson Profar
|
0-0: Foul Ball, location: 7LSF 0-1: Swinging Strike 0-2: Ball 1-2: Ball 2-2: Ball 3-2: SINGLE (Line Drive, 8LS, EV 91.9 MPH)
|
Batting: RHB Brandon Drury
|
0-0: Ball 1-0: Swinging Strike 1-1: Ball 2-1: Grounds into double play, 4-6-3 (Groundball, 4, EV 90.0 MPH)
|
Batting: SHB Cole Tucker
|
0-0: Called Strike 0-1: Swinging Strike 0-2: Ball 1-2: Strikes out looking
|
Top of the 7th over - 0 runs, 1 hit, 0 errors, 0 left on base; St. Louis 4 - Pittsburgh 6 |
BOTTOM OF THE 7TH |
Pittsburgh Pirates batting - Pitching for St. Louis Cardinals : RHP Jordan Weems
|
Pitching: RHP Taylor Williams
|
|
Batting: RHB J.D. Davis
|
0-0: Called Strike 0-1: Fly out, F5 (Line Drive, 5, EV 68.8 MPH)
|
Batting: LHB Donovan Walton
|
0-0: Ball 1-0: Ball 2-0: Called Strike 2-1: Ground out U3 (Groundball, 3S, EV 71.3 MPH)
|
Batting: RHB Enrique Hernández
|
0-0: Called Strike 0-1: Ball 1-1: Called Strike 1-2: Fly out, F8 (Flyball, 8LXD, EV 81.3 MPH)
|
Bottom of the 7th over - 0 runs, 0 hits, 0 errors, 0 left on base; St. Louis 4 - Pittsburgh 6 |
TOP OF THE 8TH |
St. Louis Cardinals batting - Pitching for Pittsburgh Pirates : RHP Codi Heuer
|
Pitching: RHP Daniel Bard
|
|
Batting: RHB Jeremy Pena
|
0-0: Ball 1-0: Called Strike 1-1: Ball 2-1: Ground out 6-3 (Groundball, 6, EV 91.3 MPH)
|
Batting: RHB Kevin Cron
|
0-0: Ball 1-0: Ball 2-0: Called Strike 2-1: SINGLE (Flyball, 6MD, EV 88.8 MPH)
|
Batting: SHB Sergio Alcantara
|
0-0: SINGLE (Line Drive, 7S, EV 96.3 MPH) Kevin Cron to second
|
Batting: RHB Jakson Reetz
|
0-0: Foul Ball, location: 5F 0-1: Ball 1-1: Ball 2-1: Ball 3-1: Base on Balls Kevin Cron to third Sergio Alcantara to second
|
Pitching: LHP Sam Long
|
|
Batting: LHB Andrew Stevenson
|
0-0: Called Strike 0-1: Ball 1-1: Ball 2-1: Ball 3-1: Foul Ball, location: 2F 3-2: SINGLE (Groundball, 34D, EV 97.5 MPH) Kevin Cron scores Sergio Alcantara to third Jakson Reetz to second Runner from 3rd tries for Home, SAFE, throw by RF to home
|
Batting: LHB TJ Friedl
|
0-0: Ball 1-0: Foul Ball, location: 7LSF 1-1: Ball 2-1: Ball 3-1: Foul Ball, location: 5FF 3-2: Foul Ball, location: 3FF 3-2: SINGLE (Groundball, 3L, EV 86.9 MPH) (infield hit) Jakson Reetz to third Andrew Stevenson to second
|
Batting: SHB Jurickson Profar
|
0-0: SINGLE (Line Drive, 89S, EV 108.8 MPH) Jakson Reetz scores Andrew Stevenson to third TJ Friedl to second Runner from 3rd tries for Home, SAFE, throw by RF to home
|
Pitching: RHP Jason Foley
|
|
Batting: RHB Brandon Drury
|
0-0: Foul Ball, location: 2F 0-1: Ball 1-1: Foul Ball, location: 2F 1-2: Ball 2-2: Reached on error, E5 (Groundball, 56, EV 77.5 MPH) TJ Friedl to third Jurickson Profar to second
|
Batting: SHB Cole Tucker
|
0-0: Foul Ball, location: 3F 0-1: Fly out, F8 (Flyball, 78M, EV 93.8 MPH) Runner from 3rd tags up, SCORES, no throw by CF
|
Batting: RHB Jeremy Pena
|
0-0: Ball 1-0: SINGLE (Groundball, 6MD, EV 108.1 MPH) (infield hit) Jurickson Profar to third Brandon Drury to second
|
Batting: RHB Kevin Cron
|
0-0: Ground out 5-3 (Groundball, 56S, EV 69.4 MPH)
|
Top of the 8th over - 5 runs, 6 hits, 1 error, 3 left on base; St. Louis 9 - Pittsburgh 6 |
BOTTOM OF THE 8TH |
Pittsburgh Pirates batting - Pitching for St. Louis Cardinals : RHP Taylor Williams
|
Batting: RHB Christian Bethancourt
|
0-0: Ball 1-0: Ball 2-0: Called Strike 2-1: Foul Ball, location: 5DF 2-2: Foul Ball, location: 2F 2-2: Foul Ball, location: 2F 2-2: Foul Ball, location: 2F 2-2: Strikes out swinging
|
Pitching: LHP Zac Lowther
|
|
Batting: RHB Mike Brosseau
|
0-0: Swinging Strike 0-1: Ball 1-1: Ball 2-1: SINGLE (Line Drive, 78S, EV 85.6 MPH)
|
Batting: LHB Travis Jankowski
|
0-0: Called Strike 0-1: Grounds into double play, 4-6-3 (Groundball, 4, EV 101.3 MPH)
|
Bottom of the 8th over - 0 runs, 1 hit, 0 errors, 0 left on base; St. Louis 9 - Pittsburgh 6 |
TOP OF THE 9TH |
St. Louis Cardinals batting - Pitching for Pittsburgh Pirates : RHP Jason Foley
|
Batting: SHB Sergio Alcantara
|
0-0: Ball 1-0: Foul Ball, location: 23FF 1-1: Foul Ball, location: 5FF 1-2: Ball 2-2: Ground out U3 (Groundball, 3, EV 85.6 MPH)
|
Batting: RHB Jakson Reetz
|
0-0: Ball 1-0: Ball 2-0: Ground out 6-3 (Groundball, 6, EV 98.1 MPH)
|
Pitching: RHP Chad Green
|
|
Batting: LHB Andrew Stevenson
|
0-0: Ball 1-0: Foul Ball, location: 9LMF 1-1: Ball 2-1: Ball 3-1: Base on Balls
|
Batting: LHB TJ Friedl
|
0-0: SINGLE (Line Drive, 7S, EV 103.8 MPH) Andrew Stevenson to second
|
Batting: SHB Jurickson Profar
|
0-0: Called Strike 0-1: Ball 1-1: Called Strike 1-2: Foul Ball, location: 7LSF 1-2: Ball 2-2: Strikes out swinging
|
Top of the 9th over - 0 runs, 1 hit, 0 errors, 2 left on base; St. Louis 9 - Pittsburgh 6 |
BOTTOM OF THE 9TH |
Pittsburgh Pirates batting - Pitching for St. Louis Cardinals : LHP Zac Lowther
|
Batting: LHB Michael Brantley
|
0-0: Ball 1-0: Called Strike 1-1: Foul Ball, location: 2F 1-2: Fly out, F9 (Flyball, 9LM, EV 100.0 MPH)
|
Batting: RHB Pete Alonso
|
0-0: Ball 1-0: Ball 2-0: Ball 3-0: Called Strike 3-1: Foul Ball, location: 25FF 3-2: Base on Balls
|
Batting: SHB Greg Allen
|
0-0: SINGLE (Groundball, 6MD, EV 99.4 MPH) Pete Alonso to second
|
Batting: RHB J.D. Davis
|
0-0: Foul Ball, location: 2F 0-1: Called Strike 0-2: Ball 1-2: Fly out, F4 (Line Drive, 4M, EV 73.1 MPH)
|
Pitching: RHP Jose Cisnero
|
|
Batting: LHB Donovan Walton
|
0-0: Ball 1-0: Called Strike 1-1: Ball 2-1: Called Strike 2-2: Strikes out swinging
|
Bottom of the 9th over - 0 runs, 1 hit, 0 errors, 2 left on base; St. Louis 9 - Pittsburgh 6 |
|